 Dungeon Crawl Stone Soup version 0.27-a0-1512-g99fd57bada (webtiles) character file.

Game seed: 11936600286743258591

135 Lekart the Slasher (level 4, -1/40 HPs)
             Began as a Draconian Chaos Knight on July 9, 2021.
             Was a Plaything of Xom.
             Slain by an ogre (27 damage)
             ... on level 5 of the Dungeon.
             The game lasted 00:02:53 (1805 turns).

Lekart the Slasher (Draconian Chaos Knight)         Turns: 1805, Time: 00:02:54

Health: -1/40      AC:  6    Str: 16    XL:     4   Next: 97%
Magic:  6/6        EV: 12    Int: 12    God:    Xom [..*...]
Gold:   104        SH:  0    Dex: 10    Spells: 6/6 levels left

rFire    . . .     SeeInvis .   a - +0 falchion (chaos)
rCold    . . .     Faith    .   (no shield)
rNeg     . . .     Spirit   .   (armour unavailable)
rPois    +         Reflect  .   (helmet restricted)
rElec    .         Harm     .   f - +0 cloak
rCorr    .         Rampage  .   (no gloves)
Will     .....                  (no boots)
Stlth    +.........             (no amulet)
HPRegen  0.13/turn              h - ring of poison resistance
MPRegen  0.10/turn              (no ring)

@: no status effects
A: AC +5, unfitting armour, cold-blooded
a: Renounce Religion


You were on level 5 of the Dungeon.
You worshipped Xom.
You were a toy of Xom.
You visited 1 branch of the dungeon, and saw 4 of its levels.

You collected 104 gold pieces.

Inventory:

Hand Weapons
 a - a +0 falchion of chaos (weapon)
Armour
 f - a +0 cloak (worn)
Jewellery
 h - a ring of poison resistance (left hand)
Wands
 i - a wand of iceblast (4)
Potions
 c - a potion of resistance
 d - a potion of might
 e - 2 potions of brilliance {unknown}
 j - a potion of haste {unknown}
 l - a potion of curing {unknown}


   Skills:
 + Level 4.1 Fighting
 + Level 4.3 Long Blades
 + Level 2.6 Dodging
 * Level 1.7 Spellcasting


You had 6 spell levels left.
You didn't know any spells.
Your spell library contained the following spells:

 Spells                   Type           Power      Damage    Failure   Level
 Magic Dart               Conj           4%         1d3       28%         1
 Sting                    Tmut/Pois      4%         1d3       28%         1
 Call Imp                 Summ           1%         N/A       38%         2
 Poisonous Vapours        Pois/Air       2%         N/A       38%         2
 Searing Ray              Conj           2%         3d3       38%         2
 Call Canine Familiar     Summ           1%         N/A       63%         3
 Mephitic Cloud           Conj/Pois/Air  1%         N/A       63%         3
 Portal Projectile        Hex/Tloc       2%         N/A       63%         3
 Fulminant Prism          Conj/Hex       0%         3d6       95%         4
 Leda's Liquefaction      Hex/Erth       0%         N/A       95%         4
 Olgreb's Toxic Radiance  Pois           1%         N/A       95%         4


Dungeon Overview and Level Annotations

Branches:
Dungeon (5/15)
 Temple: D:4-7

Altars:
Makhleb
Qazlal
Vehumet
Yredelemnul


Innate Abilities, Weirdness & Mutations

Your plain brown scales are hard. (AC +5)
You cannot fit into any form of body armour.
You are cold-blooded and may be slowed by cold attacks.


Message History

The ogre is almost dead.
The ogre closely misses you.
You riposte.
You hit the ogre. You freeze the ogre.
You kill the ogre!
Your Fighting skill increases to level 4!
Your Long Blades skill increases to level 4!
You have reached level 4!
You feel stronger.
Found a scroll labelled TADIEPR REKE.
Things that are here:
a +3 giant club of chaos; an ogre corpse You start resting.
An ogre comes into view. It is wielding a +0 giant club.
An ogre is nearby!
You swap places.
There is a stone staircase leading up here.
You climb upwards.
There is a stone staircase leading down here.
You start resting.
Magic restored.
You climb downwards.
There is a stone staircase leading up here.
Aiming: Iceblast
Press: ? - help, Shift-Dir - straight line, f - ogre
Aim: an ogre, wielding a +0 giant club The mass of ice explodes!
The iceblast engulfs the ogre!
The ogre is heavily wounded.
Aiming: Iceblast
Press: ? - help, Shift-Dir - straight line, f/p - ogre
Aim: an ogre, wielding a +0 giant club (heavily wounded)
The mass of ice explodes!
The iceblast engulfs the ogre!
The ogre is severely wounded.
You barely miss the ogre.
The ogre is severely wounded.
The ogre hits you with a +0 giant club!
You hit the ogre.
You feel better.
The ogre is almost dead.
The ogre hits you with a +0 giant club!!
Ouch! That really hurt!
You die...

..............
>...?..?....#
#..........#
#.........##.
#............
#...........#
#)........
##.O......#
#..@.......
.......†....##.
..)..........#
#...........#..#
#...........# ..
#...........# .
###.........#
#.........#


You could see an ogre.

Vanquished Creatures
  An ogre (D:5)
  An adder (D:4)
  A dart slug (D:2)
  An orc (D:4)
  6 endoplasms (D:1)
  2 giant cockroaches
  4 goblins
  3 hobgoblins
  2 kobolds (D:1)
  3 quokkas
  5 bats (D:1)
  A frilled lizard (D:1)
  3 rats (D:1)
33 creatures vanquished.

Vanquished Creatures (collateral kills)
  An adder (D:5)
1 creature vanquished.

Vanquished Creatures (others)
  2 plants (D:2)
2 creatures vanquished.

Grand Total: 36 creatures vanquished

Notes
Turn   | Place    | Note
-------+----------+-------------------------------------------
     0 | D:1      | Lekart the Draconian Chaos Knight began the quest for the
                  | Orb.
     0 | D:1      | Reached XP level 1. HP: 19/19 MP: 1/1
   259 | D:1      | Reached XP level 2. HP: 22/26 MP: 2/2
   734 | D:1      | Reached XP level 3. HP: 32/33 MP: 4/4
   871 | D:1      | Found a faded altar of an unknown god.
   989 | D:2      | Reached skill level 1 in Spellcasting
   999 | D:2      | XOM: 2-stop teleportation journey
  1051 | D:2      | XOM: 3-stop teleportation journey
  1081 | D:2      | You fall into a shaft and drop 2 floors!
  1389 | D:4      | Found a burning altar of Makhleb.
  1391 | D:4      | Found a basalt altar of Yredelemnul.
  1391 | D:4      | Found a radiant altar of Vehumet.
  1403 | D:4      | Found a stormy altar of Qazlal.
  1475 | D:4      | XOM: cloud trail
  1734 | D:5      | Entered Level 5 of the Dungeon
  1734 | D:5      | Noticed an ogre
  1735 | D:5      | XOM: confuse monster(s)
  1740 | D:5      | XOM: cast spell 'Call Canine Familiar'
  1749 | D:5      | XOM: chaos upgrade
  1749 | D:5      | XOM: butterfly on damage
  1750 | D:5      | Killed an ogre
  1751 | D:5      | Reached XP level 4. HP: 30/40 MP: 1/6
  1753 | D:5      | Noticed an ogre
  1805 | D:5      | Slain by an ogre

Illustrated notes

Levels and vault maps discovered:
D:1:      mrwooster_arrival_arrow, layout_rooms,
          dilly_ecumenical_altar_fadedgnrine, minmay_pentomino_q4
D:2:      layout_loops_corners, serial_bayou, serial_bayou_ford_a,
          serial_bayou_lagoon_a, serial_bayou_pond_a, serial_bayou_crossing,
          kennysheep_cross_room, grunt_ministairs_10, minmay_circle_x,
          uniq_jessica
D:4:      layout_loops_ring, grunt_temple_overflow_open
D:5:      layout_basic, minmay_temple_entry_waves

Skill      XL: |  1  2  3 |
---------------+----------+-----
Spellcasting   | 1 |  1.7
Fighting       | 4 |  4.1
Long Blades    | 4 |  4.3
Dodging        | |  2.6

Action                   |  1- 3 |  4- 6 || total
-------------------------+-------+-------++-------
Melee: Falchion          |    84 |     2 ||    86
       Tailslap          |    10 |       ||    10
Evoke: Wand              |       |     2 ||     2
  Use: Scroll            |     4 |       ||     4
 Stab: Sleeping          |     1 |       ||     1
Armor: Skin              |    29 |       ||    29
Dodge: Dodged            |    48 |       ||    48
       Rpst.: Falchion   |    17 |       ||    17

Table legend: (Time is in decaauts)
 A = Elapsed time spent in this place.
 B = Non-inter-level travel time spent in this place.
 C = Inter-level travel time spent in this place.
 D = Time resting spent in this place.
 E = Time spent auto-exploring this place.
 F = Levels seen in this place.
 G = Mean time per level.
                   A        B        C        D        E       F      G
               +--------+--------+--------+--------+--------+-----+--------+
         Total |   1817 |   1756 |     61 |     44 |   1480 |   4 |  454.2 |
       Dungeon |   1817 |   1756 |     61 |     44 |   1480 |   4 |  454.2 |
               +--------+--------+--------+--------+--------+-----+--------+

Top non-repeatable levels by time:
     D:1: 909 daAuts
     D:4: 698 daAuts
     D:2: 181 daAuts
     D:5: 28 daAuts
